AoeStats
← ĐẠI ĐÔ ĐỐC MẠNH ĐẠT

Arabia

519834075Analyzed
1v1 RM · 5d ago on Nov 9, 2026· 23m 13s· 2 players
Game mode
Random Map
Map size
Tiny (2 player)
Population
200
Speed
Normal
Resources
Standard
Victory
Conquest
Starting age
Dark Age
Ending age
Imperial Age
RankedLock teamsTeams togetherTeam positionsShared explorationLock speedFull tech treeHidden civsTurbo modeCheats
Victory
Defeat
🇦🇷 Persians · Argentina
1792
+17
vs
1807
-17
Vlad Impala
6:07 Loom
8:26 Feudal Age
9:19 Double-Bit Axe
15:43 Gold Mining
18:18 Castle Age
16:49 Scale Barding Armor
17:25 Bloodlines
19:11 Husbandry
21:07 Bow Saw
ĐẠI ĐÔ ĐỐC MẠNH ĐẠT
6:28 Loom
9:09 Feudal Age
9:42 Double-Bit Axe
15:29 Fletching
17:15 Padded Archer Armor
21:58 Castle Age
21:08 Scale Mail Armor
21:19 Forging
23:10 Chain Mail Armor
23:58 Iron Casting
Connection lost

Rejoining the realm…

Still unreachable

The connection could not be restored.

Session expired

The server has moved on; the page needs a fresh start.